 Dungeon Crawl Stone Soup version 0.31.0-32-g396128a36d (webtiles) character file.

Game seed: 2012459152791034263

86445 Winotaur the Severer (level 15, -3/205 HPs)
             Began as a Minotaur Berserker on Apr 14, 2024.
             Was a High Priest of Trog.
             Killed from afar by Aizul (19 damage)
             ... with a bolt of poison
             ... on level 1 of the Snake Pit.
             The game lasted 00:12:30 (17993 turns).

Winotaur the Severer (Minotaur Berserker)          Turns: 17993, Time: 00:12:31

Health: -3/205     AC: 30    Str: 31    XL:     15   Next: 40%
Magic:  1/14       EV: 11    Int:  4    God:    Trog [*****.]
Gold:   956        SH: 13    Dex: 10    Spells: 14/14 levels left

rFire   + . .        y - +1 broad axe (flame)
rCold   . . .        B - +0 kite shield
rNeg    . . .        L - +0 plate armour
rPois   .            M - +1 hat {Will+}
rElec   +            Z - +0 cloak
rCorr   .            h - +3 Mad Mage's Maulers {Infuse+∞ VampMP -Cast}
SInv    .            l - +2 pair of boots "Irghas" {Str+2}
Will    +++++        e - amulet of regeneration Stlth
                     s - ring of protection from fire
HPRegen 2.34/turn    k - ring of Xeum {rElec Will+ AC+4 Slay-2}
MPRegen 0.14/turn

%: no spellcasting, infuse magic (1 MP)
@: berserking, lethally poisoned (-3 -> -37), strong-willed, regenerating, very
quick
A: horns 2, retaliatory headbutt
a: Renounce Religion, Berserk, Trog's Hand, Brothers in Arms


You were on level 1 of the Snake Pit.
You worshipped Trog.
Trog was extremely pleased with you.
You visited 4 branches of the dungeon, and saw 19 of its levels.
You visited the Abyss 1 time.
You also visited: Sewer, Ossuary and Bailey.

You collected 2001 gold pieces.
You spent 1045 gold pieces at shops.

Inventory:

Hand Weapons
 y - a +1 broad axe of flaming (weapon)
 R - a +2 broad axe
Armour
 h - the +3 Mad Mage's Maulers (worn) {Infuse+∞ VampMP -Cast}
   (You bought it in a shop on level 2 of the Orcish Mines)

   Infuse+∞: It empowers its wearer's blows with all of their magic.
   VampMP:    Blows struck in melee replenish the wearer's magic.
   -Cast:     It prevents spellcasting.
 l - the +2 pair of boots "Irghas" (worn) {Str+2}
   (You acquired it on level 5 of the Dungeon)

   Str+2:     It affects your strength (+2).
 B - a +0 kite shield (worn)
 E - a +0 pair of gloves
 L - a +0 plate armour (worn)
 M - a +1 hat of willpower (worn)
 Z - a +0 cloak (worn)
Jewellery
 e - an amulet of regeneration (around neck)
 k - the ring of Xeum (right hand) {rElec Will+ AC+4 Slay-2}
   (You acquired it on level 11 of the Dungeon)

   [ring of protection]

   AC+4:      It affects your AC (+4).
   Slay-2:    It affects your accuracy & damage with ranged weapons and melee
   (-2).
   rElec:     It insulates you from electricity.
   Will+:     It increases your willpower.
 s - a ring of protection from fire (left hand)
 u - a +6 ring of strength
 x - a ring of protection from fire
 D - an amulet of magic regeneration
 Q - an amulet of reflection
 U - a +6 ring of intelligence
Wands
 f - a wand of flame (28)
 C - a wand of mindburst (31)
 O - a wand of paralysis (8)
 V - a wand of roots (5)
 Y - a wand of quicksilver (12)
Scrolls
 b - 3 scrolls of blinking
 c - 5 scrolls of fear
 d - 2 scrolls of vulnerability
 i - 4 scrolls of revelation
 n - a scroll of amnesia
 o - 8 scrolls of teleportation
 p - 3 scrolls of fog
 r - 5 scrolls of identify
 I - a scroll of enchant armour
 K - a scroll of enchant weapon
 N - 5 scrolls of poison
 P - 2 scrolls of immolation
 T - 2 scrolls of silence
Potions
 a - a potion of resistance
 g - 4 potions of enlightenment
 j - a potion of might
 m - 9 potions of haste
 q - 7 potions of curing
 t - 5 potions of mutation
 w - 11 potions of heal wounds
 z - 3 potions of cancellation
 F - 3 potions of invisibility
 H - 2 potions of brilliance
 J - 3 potions of lignification
 S - a potion of ambrosia
 W - 2 potions of magic
 X - a potion of berserk rage
Miscellaneous
 v - a phantom mirror
 A - a phial of floods


   Skills:
 + Level 13.7 Fighting
 * Level 18.7 Axes
 + Level 13.5 Armour
 + Level 12.2 Dodging
 + Level 16.0 Shields


You had 14 spell levels left.
You didn't know any spells.
Your spell library was empty.

Dungeon Overview and Level Annotations

Branches:
Dungeon (11/15)            Temple (0/1) D:4            Lair (5/5) D:11
 Shoals (0/4) Lair:2        Snake (1/4) Lair:2        Slime (0/5) Lair:5
    Orc (2/2) D:11            Elf (0/3) Orc:2         Sewer (visited)
Ossuary (visited)          Bailey (visited)

Altars:
Dithmenos
Elyvilon
Fedhas
Gozag
Hepliaklqana
Kikubaaqudgha
Makhleb
Okawaru
Qazlal
Ru
Wu Jian
Xom
Yredelemnul
Jiyva

Shops:
D:5 !   D:7 [(   D:11 (   Orc:2 ((*!

Annotations:
D:4 2 transporters, OlivierBoivin's ghost, amateur GnWn
D:9 4 transporters, exclusion: oklob plant
Snake:1 Aizul


Innate Abilities, Weirdness & Mutations

You have a pair of horns on your head.
You reflexively headbutt those who attack you in melee.


Message History

You feel very sick. Aizul hits you but does no damage.
You barely miss Aizul.
Aizul is moderately wounded.
You feel very sick.
An anaconda comes into view.
You closely miss Aizul.
Aizul is moderately wounded.
You feel very sick. Aizul hits you but does no damage.
You miss Aizul.
Aizul is moderately wounded.
You feel very sick.
Aizul coils herself and waves her upper body at you.
The poison arrow hits you!!!
You are more poisoned.
* * * LOW HITPOINT WARNING * * *
You barely miss Aizul.
Aizul is moderately wounded.
* * * LOW HITPOINT WARNING * * *
You feel very sick. Aizul closely misses you. You furiously retaliate!
You headbutt Aizul! You closely miss Aizul. Your headbutt misses Aizul.
Aizul is heavily wounded.
* * * LOW HITPOINT WARNING * * *
You feel very sick.
You closely miss Aizul. You headbutt Aizul!
Aizul is heavily wounded.
* * * LOW HITPOINT WARNING * * *
You feel very sick.
Aizul coils herself and waves her upper body at you.
You block the poison arrow.
You barely miss Aizul. Your headbutt misses Aizul.
Aizul is heavily wounded.
* * * LOW HITPOINT WARNING * * *
You feel very sick. Aizul casts a spell at you. The bolt of poison hits you!!
You are lethally poisoned!
You die...

#. #)..##### ...
..##...#...# [.>#
......#...# ....## #####
#...#...#
.....##...###.......#
.......$...$......^.##
#...).....###.....#
#..................
#)@.......##...##.(
.....S.S†......##...##..
#....#...#.....##...##..
.............#......###.
...........#####...## ##
#........... ###.####.
#...####.#... #......
[.. #.#.... #......
.....##...


You could see Aizul and an anaconda.

Vanquished Creatures
  Gastronok (Lair:1)
  Kirke (Snake:1)
  A black draconian (Abyss:1)
  A blizzard demon (Abyss:1)
  Snorg (Lair:5)
  Fannar (Lair:3)
  4 hydras
  A catoblepas (Lair:2)
  2 rakshasas (Abyss:1)
  Erolcha (Orc:1)
  An anaconda (Snake:1)
  2 two-headed ogres (Orc:2)
  A boulder beetle (Lair:4)
  A naga warrior (Snake:1)
  5 death yaks (Lair:2)
  5 orc high priests (Orc:2)
  A shock serpent (Snake:1)
  Amaemon (Lair:1)
  3 skysharks
  A titan skeleton (Abyss:1)
  2 mana vipers (Snake:1)
  A naga ritualist (Snake:1)
  A deep elf zephyrmancer (Bailey)
  5 large abominations (Abyss:1)
  8 orc knights
  4 starcursed masses (Abyss:1)
  2 cyclopes
  An ugly thing (D:11)
  2 manticores (D:11)
  17 elephants
  3 kobold blastminers
  10 black mambas
  An orange demon (Lair:1)
  4 rime drakes
  Maggie (D:6)
  14 cane toads
  6 komodo dragons
  A freezing wraith (Abyss:1)
  4 trolls
  A polar bear (Lair:4)
  Prince Ribbit (D:8)
  46 blink frogs
  4 dream sheep (Lair:1)
  A snapping turtle (Lair:2)
  2 shadows
  A water elemental (Lair:2)
  32 yaks
  A vampire (D:11)
  2 wraiths
  A wyvern (D:9)
  3 ynoxinuls (Abyss:1)
  4 hogs (Snake:1)
  4 basilisks
  A warg (Orc:1)
  6 golden eyes (Abyss:1)
  A steam dragon (D:8)
  Edmund (D:6)
  Menkaure (D:7)
  2 acid dragons
  A chaos spawn (Abyss:1)
  7 nagas
  17 water moccasins
  Duvessa (D:6)
  5 ice beasts
  30 orc warriors
  3 black bears
  5 ogres
  20 wolves
  3 centaurs
  A weeping skull (D:5)
  5 kobold brigands
  Blork the orc (D:4)
  5 elf zombies (Ossuary)
  14 bullfrogs
  6 scorpions
  5 small abominations (Abyss:1)
  8 wights
  Dowan (D:6)
  15 killer bees (D:9)
  4 electric eels
  6 howler monkeys
  A bombardier beetle (D:5)
  A quasit (Sewer)
  A centaur zombie (Ossuary)
  A human zombie (Ossuary)
  23 orc priests
  3 jellies
  A sleepcap (D:5)
  A gnoll bouda (D:7)
  Natasha (thrice) (D:2)
  4 hell rats (Lair:5)
  2 iguanas (D:5)
  6 orc wizards
  2 hound zombies (Ossuary)
  3 mummies
  13 gnolls
  10 adders
  A river rat (D:6)
  3 shadow imps
  A white imp (Abyss:1)
  An ufetubus (Sewer)
  7 adder zombies (Ossuary)
  4 dart slugs
  A ribbon worm (D:6)
  68 orcs
  A bat zombie (Sewer)
  5 endoplasms
  6 giant cockroaches
  7 gnoll zombies (Ossuary)
  5 goblins
  5 hobgoblins
  12 jackals
  4 quokkas
  16 ball pythons
  9 bats
  3 frilled lizards (D:1)
  2 hobgoblin zombies (D:5)
  2 jackal zombies (Ossuary)
  23 kobolds
  4 kobold zombies
  9 orc zombies (Ossuary)
  9 rats
  A spectral kobold (D:2)
  A spectral orc (D:5)
685 creatures vanquished.

Vanquished Creatures (others)
  An endoplasm (Sewer)
  A giant cockroach zombie (Sewer)
2 creatures vanquished.

Grand Total: 687 creatures vanquished

Notes
Turn   | Place    | Note
-------+----------+-------------------------------------------
     0 | D:1      | Winotaur the Minotaur Berserker began the quest for the
                  | Orb.
     0 | D:1      | Reached XP level 1. HP: 19/19 MP: 0/0
   140 | D:1      | Reached skill level 4 in Axes
   140 | D:1      | Reached XP level 2. HP: 18/27 MP: 1/1
   687 | D:1      | Reached XP level 3. HP: 32/33 MP: 2/2
   820 | D:2      | Noticed Natasha
   827 | D:2      | Killed Natasha
   827 | D:2      | Reached ** piety under Trog
   903 | D:2      | Reached XP level 4. HP: 40/40 MP: 3/3
  1001 | D:2      | Noticed Natasha
  1002 | D:2      | Found a faded altar of an unknown god.
  1009 | D:2      | Killed Natasha
  1010 | D:2      | Reached skill level 5 in Axes
  1315 | D:2      | Noticed Natasha
  1320 | D:2      | Killed Natasha
  1321 | D:2      | Reached XP level 5. HP: 47/47 MP: 4/4
  1862 | D:4      | Identified the +1 dire flail of Xadaom {vamp, rF+ rN++
                  | Str-3 Dex+4}
  1862 | D:4      | Noticed an ogre
  1862 | D:4      | Noticed OlivierBoivin's ghost (amateur GnWn)
  1862 | D:4      | Noticed an ogre
  1862 | D:4      | Noticed Blork the orc
  1862 | D:4      | Found a transporter.
  1878 | D:4      | Killed Blork the orc
  2106 | D:4      | Found a transporter.
  2118 | D:4      | Identified the +1 leather armour "Ziaf" {rPois MP-9 Dex+2
                  | Stlth+}
  2125 | D:4      | Found a staircase to the Ecumenical Temple.
  2339 | D:4      | Reached XP level 6. HP: 43/55 MP: 5/5
  2431 | D:4      | Reached *** piety under Trog
  2575 | D:4      | Reached skill level 6 in Axes
  2629 | D:4      | Reached skill level 5 in Fighting
  3270 | D:5      | Entered Level 5 of the Dungeon
  3447 | D:5      | Identified a scroll of acquirement
  3447 | D:5      | Acquired the +2 pair of boots "Irghas" {Str+2}
  3486 | D:5      | Found a sacrificial altar of Ru.
  3644 | D:5      | Noticed an ice beast
  3649 | D:5      | Reached XP level 7. HP: 61/61 MP: 6/6
  3655 | D:5      | Reached skill level 7 in Axes
  3692 | D:5      | Found an iron altar of Okawaru.
  3772 | D:5      | Found a sand-covered staircase.
  3862 | D:5      | Reached skill level 5 in Armour
  3886 | D:5      | Found Vaohuzewk's Distillery.
  3936 | Ossuary  | Entered an ossuary
  3995 | Ossuary  | Reached **** piety under Trog
  4099 | Ossuary  | Reached skill level 8 in Axes
  4099 | Ossuary  | Reached skill level 5 in Dodging
  4099 | Ossuary  | Reached XP level 8. HP: 59/70 MP: 7/7
  4311 | D:5      | Bought a potion of heal wounds for 65 gold pieces
  4311 | D:5      | Bought a potion of haste for 130 gold pieces
  4311 | D:5      | Bought a potion of heal wounds for 65 gold pieces
  4465 | D:5      | Found a basalt altar of Yredelemnul.
  4542 | D:6      | Noticed Maggie
  4555 | D:6      | Killed Maggie
  4556 | D:6      | Reached skill level 9 in Axes
  4654 | D:6      | Identified the +0 leather armour "Wuzihucw" {rF+ Stlth+}
  4730 | D:6      | Found an ancient bone altar of Kikubaaqudgha.
  4753 | D:6      | Noticed Edmund
  4763 | D:6      | Killed Edmund
  4893 | D:6      | Reached XP level 9. HP: 79/79 MP: 8/8
  4959 | D:6      | Noticed Duvessa
  4966 | D:6      | Killed Duvessa
  4967 | D:6      | Reached skill level 10 in Axes
  4982 | D:6      | Noticed Dowan
  4995 | D:6      | Killed Dowan
  5169 | D:6      | Found a glowing drain.
  5178 | Sewer    | Entered a sewer
  5234 | Sewer    | Reached ***** piety under Trog
  5264 | Sewer    | Found a burning altar of Makhleb.
  5734 | D:7      | Found Fesam's Antique Armour Shop.
  5821 | D:7      | Reached skill level 1 in Shields
  5867 | D:7      | Noticed Menkaure
  5875 | D:7      | Killed Menkaure
  5876 | D:7      | Reached skill level 11 in Axes
  6131 | D:7      | Reached XP level 10. HP: 88/88 MP: 9/9
  6178 | D:7      | Found a flagged portal.
  6289 | D:7      | Found Peteyrho's Firing Range.
  6347 | Bailey   | Entered a bailey
  6402 | Bailey   | Found a large runed translucent door.
  6402 | Bailey   | Found a large runed translucent door.
  6402 | Bailey   | Noticed an orc knight
  6429 | Bailey   | Noticed a deep elf zephyrmancer
  6463 | Bailey   | Killed an orc knight
  6610 | Bailey   | Killed a deep elf zephyrmancer
  6611 | Bailey   | Reached XP level 11. HP: 95/95 MP: 10/10
  6628 | Bailey   | Identified the staff "Isixkun" {rPois rN+ Str+3 Alchemy}
  6809 | D:8      | Found a burning altar of Makhleb.
  7718 | D:8      | Noticed Prince Ribbit
  7725 | D:8      | Killed Prince Ribbit
  8095 | D:9      | Found a transporter.
  8121 | D:9      | Found a transporter.
  8122 | D:9      | Found a transporter.
  8189 | D:9      | Found a blossoming altar of Fedhas.
  8202 | D:9      | Noticed an oklob plant
  8347 | D:9      | Reached skill level 12 in Axes
  8398 | D:9      | Found an ornate altar of the Wu Jian Council.
  8435 | D:9      | Found a shimmering altar of Xom.
  8443 | D:9      | Found an opulent altar of Gozag.
  8475 | D:9      | Received a gift from Trog
  8526 | D:9      | Found a stormy altar of Qazlal.
  8555 | D:9      | Found a transporter.
  8975 | D:9      | You fall into a shaft and drop 1 floor!
  8975 | D:10     | Entered Level 10 of the Dungeon
  9667 | D:11     | Found a staircase to the Lair.
  9843 | D:11     | Noticed a red ugly thing
  9854 | D:11     | Killed a red ugly thing
  9956 | D:11     | Found a shadowy altar of Dithmenos.
 10031 | D:11     | Reached skill level 13 in Axes
 10095 | D:11     | Found a staircase to the Orcish Mines.
 10196 | D:11     | Found Nufat's Antique Weapon Shop.
 10202 | D:11     | Acquired the ring of Xeum {rElec Will+ AC+4 Slay-2}
 10253 | Lair:1   | Entered Level 1 of the Lair of Beasts
 10381 | Lair:1   | Reached XP level 12. HP: 65/106 MP: 11/11
 10436 | Lair:1   | Noticed Amaemon
 10439 | Lair:1   | Noticed Gastronok
 10449 | Lair:1   | Killed Amaemon
 10461 | Lair:1   | Killed Gastronok
 10462 | Lair:1   | Reached skill level 10 in Fighting
 10550 | Lair:1   | Identified the +4 dagger of Bile {drain, ^Drain rN+++ rCorr
                  | Int-2}
 10666 | Lair:1   | Found a frozen archway.
 10762 | Lair:1   | Reached skill level 10 in Armour
 10765 | Lair:1   | Reached skill level 14 in Axes
 10820 | Lair:1   | Received a gift from Trog
 11319 | Lair:2   | Noticed a death yak
 11320 | Lair:2   | Noticed a death yak
 11323 | Lair:2   | Noticed a death yak
 11325 | Lair:2   | Noticed a death yak
 11327 | Lair:2   | Killed a death yak
 11337 | Lair:2   | Killed a death yak
 11338 | Lair:2   | Reached XP level 13. HP: 116/116 MP: 12/12
 11344 | Lair:2   | Reached skill level 15 in Axes
 11407 | Lair:2   | Found a staircase to the Snake Pit.
 11809 | Lair:2   | Found a staircase to the Shoals.
 12029 | Lair:3   | Reached skill level 10 in Dodging
 12556 | Lair:3   | Found a hazy altar of Hepliaklqana.
 12567 | Lair:3   | Noticed Fannar
 12582 | Lair:3   | Killed Fannar
 12723 | Lair:3   | Reached skill level 16 in Axes
 13074 | Lair:4   | Found a white marble altar of Elyvilon.
 13307 | Lair:4   | Reached XP level 14. HP: 126/126 MP: 13/13
 13695 | Lair:5   | Entered Level 5 of the Lair of Beasts
 13868 | Lair:5   | Received a gift from Trog
 13886 | Lair:5   | Reached skill level 15 in Shields
 13943 | Lair:5   | Noticed Snorg
 13958 | Lair:5   | Killed Snorg
 14121 | Lair:5   | Reached skill level 17 in Axes
 14127 | Lair:5   | Found a viscous altar of Jiyva.
 14131 | Lair:5   | Found a staircase to the Slime Pits.
 14843 | Orc:1    | Entered Level 1 of the Orcish Mines
 14871 | Orc:1    | Noticed Erolcha
 14879 | Orc:1    | Killed Erolcha
 15064 | Orc:2    | Entered Level 2 of the Orcish Mines
 15110 | Orc:2    | Found a staircase to the Elven Halls.
 16019 | Orc:1    | Received a gift from Trog
 16862 | Orc:2    | Reached skill level 18 in Axes
 16950 | Orc:2    | Found Feyqae Muock's Weapon Shop.
 16950 | Orc:2    | Found Nutuch's Antique Weapon Shop.
 16951 | Orc:2    | Found Wong's Distillery.
 16951 | Orc:2    | Found Akaodisi's General Store.
 16959 | Orc:2    | Bought a potion of resistance for 150 gold pieces
 16959 | Orc:2    | Bought a potion of heal wounds for 75 gold pieces
 16966 | Orc:2    | Bought the +3 Mad Mage's Maulers {Infuse+∞ VampMP -Cast}
                  | for 560 gold pieces
 16966 | Orc:2    | Found the +3 Mad Mage's Maulers {Infuse+∞ VampMP -Cast}
 17359 | Snake:1  | Entered Level 1 of the Snake Pit
 17370 | Snake:1  | Reached XP level 15. HP: 129/136 MP: 3/14
 17372 | Snake:1  | Noticed Kirke
 17379 | Abyss:1  | Cast into level 1 of the Abyss (naga)
 17739 | Abyss:1  | Found a transporter.
 17739 | Abyss:1  | Noticed a tentacled starspawn
 17747 | Abyss:1  | Noticed a tentacled starspawn
 17754 | Abyss:1  | Noticed a tentacled starspawn
 17792 | Abyss:1  | Reached ****** piety under Trog
 17792 | Abyss:1  | Received a gift from Trog
 17836 | Snake:1  | Escaped the Abyss
 17843 | Snake:1  | Killed Kirke
 17971 | Snake:1  | Identified the serpent talisman of the Valley {rElec}
 17971 | Snake:1  | Noticed Aizul
 17993 | Snake:1  | Killed from afar by Aizul

Illustrated notes

Levels and vault maps discovered:
D:1:      mushboom_english_gardens, layout_loops_ring,
          nicolae_concentric_dashed_squares_mild
D:2:      layout_basic, dreamdust_ecumenical_altar_drowned_temple, uniq_natasha
D:3:      layout_basic, minmay_shallow_snake_nest
D:4:      layout_basic, minmay_temple_entry_stoned_glass, gammafunk_ghost_smash,
          serial_rivers, chequers_serial_rivers_micro_c,
          chequers_serial_rivers_micro_a, chequers_serial_rivers_room_b,
          chequers_serial_rivers_large_a, chequers_serial_rivers_large_b,
          kennysheep_flooded_box, minmay_misc_feat_five, serial_bayou_pond_e,
          uniq_blork_the_orc
D:5:      layout_loops_ring, okawaru_altar_gauntlet_db,
          yredelemnul_forgotten_temple_becter, nicolae_ru_sacrificial_ziggurat,
          nicolae_ossuary_entry_giza, serial_shops, shop, minmay_fountain_box
D:6:      layout_cave_pools, nicolae_overflow_crystal_walls,
          portal_sewer_entry_e, uniq_maggie, uniq_edmund, uniq_duvessa
D:7:      layout_basic, serial_shops, shop, enter_bailey_2,
          nicolae_shop_firing_range, uniq_menkaure
D:8:      layout_gridville, mainiacjoe_overflow_small_starburst, minivault_14,
          uniq_prince_ribbit1
D:9:      layout_layer_cave, tgw_fedhas, nicolae_overflow_quartered_altars,
          nicolae_transporter_circle
D:10:     layout_roguey, serial_curves, eino_curves_04, eino_curves_02
D:11:     layout_roguey, grunt_lair_entry_orc_guard_hut, serial_shops,
          kennysheep_little_box, nicolae_dithmenos_the_darkroom
Lair:1:   layout_long_grid, portal_ice_cave_entry_pillars_2, wad_woods_river_01,
          serial_bayou_shore_a, uniq_amaemon, uniq_gastronok
Lair:2:   layout_roguey, minmay_shoals_entry_hut, guppyfry_snake_entry_island
Lair:3:   layout_loops_ring, basic_altar, uniq_fannar
Lair:4:   layout_loops_ring, basic_altar
Lair:5:   wormcave, layout_cave_pods, slime_entry_2, uniq_snorg
Snake:1:  layout_misc_corridors, serial_bayou_lake_a, uniq_agnes, uniq_frances,
          uniq_kirke, uniq_aizul
Orc:1:    layout_diamond_mine, mines2_david, uniq_erolcha
Orc:2:    st_orc_pillars, layout_diamond_mine, nicolae_orc_hostile_takeover

Skill      XL: |  1  2  3  4  5  6  7  8  9 10 11 12 13 14 15 |
---------------+----------------------------------------------+-----
Axes           | 4 5 6 8 9 11 13 14 16 18 | 18.7
Fighting       | 4 5 6 7 8 9 11 12 13 | 13.7
Armour         | 3 4 5 6 7 8 9 10 11 13 | 13.5
Dodging        | 3 4 5 6 7 8 9 10 11 12 | 12.2
Shields        | 12 13 14 15 16 | 16.0

Action                     |  1- 3 |  4- 6 |  7- 9 | 10-12 | 13-15 || total
---------------------------+-------+-------+-------+-------+-------++-------
  Melee: Hand axe          |    74 |   125 |   300 |    61 |       ||   560
         Headbutt          |     4 |    20 |    65 |    87 |   165 ||   341
         Punch             |       |       |     2 |       |       ||     2
         Broad axe         |       |       |       |   298 |   892 ||  1190
         War axe           |       |       |       |   109 |       ||   109
 Invoke: Berserk           |     3 |     3 |     4 |     6 |     7 ||    23
         Trog's Hand       |       |       |     2 |     5 |     9 ||    16
         Brothers in Arms  |       |       |       |     1 |       ||     1
  Evoke: Wand              |       |       |       |     5 |       ||     5
    Use: Scroll            |       |     7 |     6 |     6 |     4 ||    23
         Potion            |       |     5 |     1 |     3 |     2 ||    11
   Stab: Sleeping          |     1 |     2 |       |       |       ||     3
         Paralysed         |       |       |       |     2 |       ||     2
         Petrified         |       |       |       |       |     7 ||     7
 Armour: Animal skin       |    57 |    64 |    79 |       |       ||   200
         Acid dragon scale |       |       |    63 |   120 |       ||   183
         Plate armour      |       |       |       |   210 |   504 ||   714
  Dodge: Dodged            |    53 |    96 |   156 |   182 |   293 ||   780
  Block: Kite shield       |       |       |     9 |   312 |   512 ||   833
